 Dungeon Crawl Stone Soup version 0.30-a0-414-gcb316572d5 (webtiles) character file.

Game seed: 2693928182943021879

109 NinjaNoafa the Chopper (level 4, -12/39 HPs)
             Began as a Minotaur Fighter on Dec 7, 2022.
             Killed by divine providence
             ... invoked by an orc priest
              (14 damage)
             ... on level 3 of the Dungeon.
             The game lasted 00:02:06 (2211 turns).

NinjaNoafa the Chopper (Minotaur Fighter)           Turns: 2211, Time: 00:02:07

Health: -12/39     AC:  6    Str: 23    XL:     4   Next: 59%
Magic:  3/3        EV:  9    Int:  5    God:
Gold:   83         SH:  4    Dex:  9    Spells: 3/3 levels left

rFire   . . .      SeeInvis .    a - +0 war axe
rCold   . . .      Faith    .    c - +0 buckler
rNeg    . . .      Spirit   .    b - +0 scale mail
rPois   .          Reflect  .    (helmet restricted)
rElec   .          Harm     .    (no cloak)
rCorr   .          Rampage  .    (no gloves)
Will    .....                    (no boots)
Stlth   ..........               (no amulet)
HPRegen 0.26/turn                (no ring)
MPRegen 0.08/turn                (no ring)

@: no status effects
A: horns 2, retaliatory headbutt
a: no special abilities


You were on level 3 of the Dungeon.
You visited 1 branch of the dungeon, and saw 3 of its levels.

You collected 83 gold pieces.

Inventory:

Hand Weapons
 a - a +0 war axe (weapon)
Missiles
 e - 22 stones (quivered)
 l - 2 poisoned darts
 r - a throwing net
Armour
 b - a +0 scale mail (worn)
 c - a +0 buckler (worn)
Jewellery
 v - a ring of ice
Wands
 u - a wand of digging (5)
Scrolls
 f - a scroll of vulnerability {unknown}
 g - a scroll of magic mapping {unknown}
 h - 2 scrolls of identify {unknown}
 i - a scroll of noise {unknown}
 m - 2 scrolls of enchant armour {unknown}
 n - a scroll of summoning {unknown}
 p - a scroll of immolation {unknown}
 q - a scroll of brand weapon {unknown}
 s - a scroll of blinking {unknown}
 t - 2 scrolls of teleportation {unknown}
Potions
 d - a potion of might
 j - 2 potions of brilliance {unknown}
 k - 2 potions of curing {unknown}
 o - a potion of berserk rage {unknown}


   Skills:
 - Level 3.6 Fighting
 + Level 5.9 Axes
 - Level 3.6 Armour
 - Level 3.6 Shields


You had 3 spell levels left.
You didn't know any spells.
Your spell library contained the following spells:

 Spells                   Type           Power      Damage    Failure   Level
 Ensorcelled Hibernation  Hex/Ice        0%         N/A       95%         2
 Scorch                   Fire           0%         2d5       95%         2
 Spider Form              Tmut/Pois      0%         N/A       99%         3
 Anguish                  Hex/Necr       0%         N/A       100%        4
 Flame Wave               Conj/Fire      0%         2d4       100%        4
 Summon Cactus Giant      Summ           0%         N/A       100%        6


Dungeon Overview and Level Annotations

Branches:
Dungeon (3/15)

Altars:
The Shining One

Shops:
D:2 [


Innate Abilities, Weirdness & Mutations

You have a pair of horns on your head.
You reflexively headbutt those who attack you in melee.


Message History

The orc wizard is moderately wounded.
You completely miss the orc wizard. You headbutt the orc wizard!
The orc wizard is almost dead.
You barely miss the orc.
The orc wizard points at you and mumbles some strange words.
The puff of flame hits you but does no damage.
The orc closely misses you.
You hit the orc wizard.
You kill the orc wizard!
You closely miss the orc. The orc hits you but does no damage.
The orc priest mumbles some strange prayers to Beogh against you.
Pain shoots through your body! The orc closely misses you.
You closely miss the orc.
You hit the orc priest but do no damage.
You block the orc's attack.
The orc priest hits you but does no damage.
You closely miss the orc. You barely miss the orc priest.
The orc hits you with a +0 flail.
The orc priest looks braver for a moment.
You slash the orc!
You kill the orc!
You barely miss the orc priest.
The orc priest hits you with a +0 great sword.
You barely miss the orc priest. Your headbutt misses the orc priest.
The orc priest hits you with a +0 great sword!
* * * LOW HITPOINT WARNING * * *
You barely miss the orc priest. You headbutt the orc priest!
The orc priest is heavily wounded.
You block the orc priest's attack. The orc priest closely misses you.
You barely miss the orc priest.
The orc priest is heavily wounded.
An orc comes into view. It is wielding a +0 dagger.
The orc priest hits you with a +0 great sword.
* * * LOW HITPOINT WARNING * * *
Okay, then.
The orc priest attacks as you move away!
You block the orc priest's attack.
The orc priest invokes the aid of Beogh against you.
Beogh smites you!
You die...

#.......##.......#
#.......####.######
.########.###..........#
.......................#
.......................#
.........####.#.##.....#
.........# .#.#.##.....#
.........# .....##.....#
.......@.##......#.....#
......).).+.._..+).....#
.......o.#.............#
.........#......##.....#
.........#...+.###.....#
.........# #..#..#..####
.......... .............
........o. .............
####.###......##........


You could see an orc priest and an orc.

Vanquished Creatures
  An orc wizard (D:3)
  An adder (D:2)
  A white imp (D:3)
  2 dart slugs
  An orc (D:3)
  4 ball pythons
  2 bats
  6 endoplasms
  2 giant cockroaches
  5 goblins
  5 hobgoblins
  7 jackals
  5 kobolds
  2 quokkas (D:1)
  3 frilled lizards (D:1)
  A goblin skeleton (D:3)
  2 goblin zombies (D:3)
  2 hobgoblin zombies (D:3)
  A kobold skeleton (D:3)
  A kobold zombie (D:3)
  6 rats
60 creatures vanquished.

Notes
Turn   | Place    | Note
-------+----------+-------------------------------------------
     0 | D:1      | NinjaNoafa the Minotaur Fighter began the quest for the
                  | Orb.
     0 | D:1      | Reached XP level 1. HP: 19/19 MP: 0/0
    66 | D:1      | Reached skill level 3 in Axes
   121 | D:1      | Reached XP level 2. HP: 25/26 MP: 1/1
   267 | D:1      | Reached skill level 4 in Axes
   443 | D:1      | Reached XP level 3. HP: 27/31 MP: 2/2
  1140 | D:2      | Reached skill level 5 in Axes
  1419 | D:2      | Found Teheohiwn's Antique Armour Shoppe.
  2018 | D:3      | Reached XP level 4. HP: 32/39 MP: 3/3
  2123 | D:3      | Found a glowing golden altar of the Shining One.
  2211 | D:3      | Killed from afar by an orc priest

Illustrated notes

Levels and vault maps discovered:
D:1:      minmay_arrival_solitary_statue, layout_basic
D:2:      minmay_skewed_foursquare, layout_basic, serial_shops,
          nicolae_lakefront_shop
D:3:      layout_basic, nzn_wu_jian_contemplation, nicolae_tso_besieged_by_evil,
          shapermc_ecumenical_altar_mp_vishouse, uniq_ijyb

Skill      XL: |  1  2  3 |
---------------+----------+-----
Axes           | 3 4 5 |  5.9
Fighting       | |  3.6
Armour         | |  3.6
Shields        | |  3.6

Action                   |  1- 3 |  4- 6 || total
-------------------------+-------+-------++-------
Melee: War axe           |    96 |    23 ||   119
       Headbutt          |    15 |     5 ||    20
Armor: Scale mail        |    44 |     5 ||    49
Dodge: Dodged            |    41 |    16 ||    57
Block: Buckler           |    22 |     5 ||    27

Table legend: (Time is in decaauts)
 A = Elapsed time spent in this place.
 B = Non-inter-level travel time spent in this place.
 C = Inter-level travel time spent in this place.
 D = Time resting spent in this place.
 E = Time spent auto-exploring this place.
 F = Levels seen in this place.
 G = Mean time per level.
                   A        B        C        D        E       F      G
               +--------+--------+--------+--------+--------+-----+--------+
         Total |   2249 |   2208 |     41 |      0 |   1868 |   3 |  749.7 |
       Dungeon |   2249 |   2208 |     41 |      0 |   1868 |   3 |  749.7 |
               +--------+--------+--------+--------+--------+-----+--------+

Top non-repeatable levels by time:
     D:2: 1016 daAuts
     D:1: 918 daAuts
     D:3: 314 daAuts
